 Dungeon Crawl Stone Soup version 0.26-a0-670-g578ab304f5 (webtiles) character file.

Game seed: 1756323131466241109

55757 Gargoyl the Fighter (level 14, -5/113 HPs)
             Began as a Gnoll Abyssal Knight on Oct 18, 2020.
             Was a High Priest of Lugonu.
             Slain by a tyrant leech (16 damage)
             ... on level 1 of the Abyss on Oct 19, 2020.
             The game lasted 00:38:46 (20310 turns).

Gargoyl the Fighter (Gnoll Abyssal Knight)         Turns: 20310, Time: 00:38:46

Health: -5/113     AC: -5    Str: 18    XL:     14   Next: 78%
Magic:  14/27      EV: 13    Int: 16    God:    Lugonu [*****.]
Gold:   2068       SH:  9    Dex: 25    Spells: 32/32 levels left

rFire    . . .     SeeInvis .   M - +10 long sword of Yfots {freeze, *Slow rPois Dex+2}
rCold    . . .     Faith    .   F - +1 buckler
rNeg     . . .     Spirit   .   C - +0 plate armour
rPois    +         Reflect  .   (helmet restricted)
rElec    .         Harm     .   D - +2 cloak {MR+}
rCorr    .         Rampage  .   (no gloves)
MR       +++..                  (no boots)
Stlth    +.........             u - amulet of regeneration
HPRegen  0.68/turn              m - ring of protection from magic
MPRegen  0.20/turn              q - +6 ring of dexterity

@: corroded
A: distributed training, antennae 1, fangs 1, clever 1, poison resistance,
strong nose
a: Depart the Abyss, Bend Space, Banish, Corrupt, Enter the Abyss, Renounce
Religion


You were on level 1 of the Abyss.
You worshipped Lugonu.
Lugonu was extremely pleased with you.
You visited 2 branches of the dungeon, and saw 17 of its levels.
You visited the Abyss 2 times.

You collected 2293 gold pieces.
You spent 225 gold pieces at shops.

Inventory:

Hand Weapons
 b - a +3 flail of holy wrath
 c - a +1 glaive of venom
 w - a +3 hand axe of freezing
 A - a +3 hand axe of electrocution
 M - the +10 long sword of Yfots (weapon) {freeze, *Slow rPois Dex+2}
   (You found it on level 2 of the Lair of Beasts)

   It has been specially enchanted to freeze those struck by it, causing extra
   injury to most foes and up to half again as much damage against particularly
   susceptible opponents.
   It can also slow down cold-blooded creatures.
   It affects your dexterity (+2).
   It protects you from poison.
   It may slow you when you take damage.
 R - a +0 broad axe
Missiles
 y - 63 poisoned darts (quivered)
Armour
 C - a +0 plate armour (worn)
 D - a +2 cloak of magic resistance (worn)
 F - a +1 buckler (worn)
 I - a +0 helmet
 O - a +2 helmet
Jewellery
 e - an uncursed ring of see invisible
 k - an uncursed ring of protection from magic
 m - a ring of protection from magic (left hand)
 q - a +6 ring of dexterity (right hand)
 u - an amulet of regeneration (around neck)
 K - the brooch of Shielding {Spirit SH+8}
   (You found it on level 10 of the Dungeon)

   [amulet of guardian spirit]

   It causes incoming damage to be split between your health and magic.
   It affects your SH (+8).
Wands
 a - a wand of polymorph (5)
 i - a wand of acid (28)
 j - a wand of flame (49)
 l - a wand of enslavement (17)
 E - a wand of paralysis (3)
 J - a wand of random effects (21)
 L - a wand of iceblast (3)
Scrolls
 f - 11 scrolls of identify
 h - 9 scrolls of teleportation
 o - 8 scrolls of remove curse
 p - 4 scrolls of blinking
 t - 2 scrolls of summoning
 G - 4 scrolls of fog
 Q - 3 scrolls of fear
 S - a scroll of enchant armour
 T - a scroll of brand weapon
Potions
 d - 7 potions of curing
 g - 2 potions of berserk rage
 n - 2 potions of haste
 r - 4 potions of brilliance
 s - 6 potions of flight
 v - 2 potions of heal wounds
 x - 2 potions of magic
 z - 5 potions of lignification
 B - 2 potions of might
 H - 2 potions of stabbing
 N - a potion of mutation
 P - a potion of ambrosia


   Skills:
 + Level 11.3 Fighting
 + Level 9.5 Short Blades
 + Level 9.5 Long Blades
 + Level 10.5 Axes
 + Level 9.5 Maces & Flails
 + Level 9.5 Polearms
 + Level 9.5 Staves
 + Level 9.5 Slings
 + Level 9.5 Bows
 + Level 9.5 Crossbows
 + Level 9.5 Throwing
 + Level 10.5 Armour
 + Level 9.8 Dodging
 + Level 9.5 Stealth
 + Level 9.5 Shields
 + Level 9.5 Unarmed Combat
 + Level 9.5 Spellcasting
 + Level 7.9 Conjurations
 + Level 7.9 Hexes
 + Level 7.9 Summonings
 + Level 7.9 Necromancy
 + Level 7.9 Translocations
 + Level 7.9 Transmutations
 + Level 7.9 Fire Magic
 + Level 7.9 Ice Magic
 + Level 7.9 Air Magic
 + Level 7.9 Earth Magic
 + Level 7.9 Poison Magic
 + Level 11.2 Invocations
 + Level 9.5 Evocations


You had 32 spell levels left.
You didn't know any spells.
Your spell library contained the following spells:

 Spells                   Type           Power        Failure   Level
 Corona                   Hex            ####...      8%          1
 Freeze                   Ice            ####         8%          1
 Magic Dart               Conj           ####         8%          1
 Ensorcelled Hibernation  Hex/Ice        ####..       12%         2
 Searing Ray              Conj           ####..       12%         2
 Confusing Touch          Hex            ####....     22%         3
 Dazzling Flash           Conj/Hex       ####..       22%         3
 Frozen Ramparts          Ice            ####..       22%         3
 Ozocubu's Armour         Ice            ####....     22%         3
 Tukima's Dance           Hex            ####....     22%         3
 Fulminant Prism          Conj/Hex       ####......   58%         4
 Hailstorm                Conj/Ice       ####....     58%         4
 Iskenderun's Mystic Bla  Conj/Tloc      ####....     58%         4
 Summon Ice Beast         Ice/Summ       ####....     58%         4
 Summon Demon             Summ           ####......   91%         5
 Summon Forest            Summ/Tloc      ####......   91%         5
 Summon Mana Viper        Hex/Summ       ####....     91%         5
 Shadow Creatures         Summ           N/A          100%        6
 Summon Hydra             Summ           ####......   100%        7


Dungeon Overview and Level Annotations

Branches:
Dungeon (11/15)            Temple (0/1) D:6            Lair (6/6) D:8
 Shoals (0/4) Lair:4        Snake (0/4) Lair:2        Slime (0/5) Lair:5
    Orc: D:9-12

Altars:
Ashenzari
Elyvilon
Qazlal
Xom
The Shining One
Jiyva

Shops:
D:6 [


Innate Abilities, Weirdness & Mutations

Your experience applies equally to all skills.
You have very sharp teeth.
Your uncanny sense of smell can sniff out nearby items.
You have a pair of small antennae on your head.
Your mind is acute. (Int +2)
Your system is resistant to poisons. (rPois)


Message History

The entropy weaver gestures at you while chanting.
The entropic weave corrodes you! The soldier ant misses you.
The entropy weaver casts a spell at you.
The entropic weave corrodes you!
Unknown command.
To return, you must find a gate leading back.
Killing monsters will force the Abyss to allow you passage.
This branch contains the abyssal rune of Zot.
Lugonu is no longer ready to corrupt your weapon.
Found a scroll of enchant armour.
You start resting.
You sense a monster nearby.
You start resting.
You feel yourself speed up.
You start resting.
A tyrant leech is nearby!
Press: ? - help, Shift-Dir - straight line, f - tyrant leech
Aim: a tyrant leech (wandering, hasn't noticed you, chance to defeat MR: 75%)
The tyrant leech wobbles for a moment.
The tyrant leech bites you!
You die...

##. ..
..## ..
∆
...###.
..... ∆
.?..
#.. #.#
#@# ∆
##w#
..♣
.♣..
♣.... .
#... ♣#
... ...


You could see a tyrant leech.

Vanquished Creatures
  An entropy weaver (Lair:6)
  A boulder beetle (Lair:5)
  5 death yaks (Lair:4)
  A queen ant (Lair:6)
  An ogre mage (D:10)
  A deep elf archer (D:10)
  Pikel (D:3)
  A necromancer (Lair:5)
  A manticore (shapeshifter) (D:10)
  18 elephants
  Maurice (D:8)
  A merfolk siren (Lair:4)
  2 black mambas
  21 cane toads
  4 rime drakes
  4 komodo dragons
  4 polar bears
  2 trolls
  A tyrant leech (Lair:5)
  Prince Ribbit (D:5)
  A hornet (D:10)
  24 blink frogs
  Sigmund (D:5)
  A shadow (D:11)
  4 wyverns
  50 yaks
  A wraith (D:10)
  Eustachio (D:3)
  2 basilisks
  6 vampire mosquitoes
  A warg (Lair:2)
  Edmund (D:4)
  A naga (Lair:2)
  13 water moccasins
  3 soldier ants (Lair:6)
  An ice beast (D:11)
  5 orc warriors
  4 sky beasts
  4 black bears
  4 phantoms
  9 ogres
  13 wolves
  9 centaurs
  A big kobold (D:10)
  Blork the orc (D:5)
  34 bullfrogs
  5 scorpions
  4 killer bees (D:10)
  3 electric eels (Lair:6)
  6 wights (D:9)
  4 howler monkeys
  2 bullfrog zombies
  4 jellies
  10 hounds
  16 orc wizards
  A bullfrog skeleton (D:5)
  2 centaur skeletons
  2 iguanas (D:10)
  6 orc priests
  15 worker ants
  4 polar bear simulacra (Lair:5)
  2 yak simulacra (Lair:5)
  2 hound skeletons
  2 worker ant zombies
  5 gnolls
  A howler monkey skeleton (D:11)
  18 adders
  A shadow imp (D:8)
  2 white imps
  2 ufetubi (D:7)
  3 adder skeletons
  An adder zombie (D:9)
  4 worms
  A dart slug (D:3)
  4 leopard geckos
  52 orcs
  4 ball pythons
  2 giant cockroaches
  8 hobgoblins
  3 jackals (D:3)
  4 quokkas
  9 bats
  6 frilled lizards
  6 goblins
  A jackal zombie (D:6)
  15 kobolds
  9 rats
  5 river rat simulacra (Lair:5)
523 creatures vanquished.

Vanquished Creatures (collateral kills)
  An adder (D:10)
1 creature vanquished.

Vanquished Creatures (others)
  A centaur (D:10)
  20 bushes
  31 fungi
  160 plants
212 creatures vanquished.

Grand Total: 736 creatures vanquished

Notes
Turn   | Place    | Note
-------+----------+-------------------------------------------
     0 | Abyss:1  | Gargoyl the Gnoll Abyssal Knight began the quest for the
                  | Orb.
     0 | Abyss:1  | Reached XP level 1. HP: 23/23 MP: 3/3
    37 | Abyss:2  | Noticed a great orb of eyes
    38 | D:1      | Escaped the Abyss
   376 | D:1      | Reached XP level 2. HP: 29/29 MP: 5/5
   717 | D:2      | Reached * piety under Lugonu
   891 | D:2      | Reached XP level 3. HP: 23/35 MP: 6/6
  1159 | D:2      | Reached skill level 1 in Short Blades
  1159 | D:2      | Reached skill level 1 in Long Blades
  1159 | D:2      | Reached skill level 1 in Maces & Flails
  1159 | D:2      | Reached skill level 1 in Polearms
  1159 | D:2      | Reached skill level 1 in Staves
  1159 | D:2      | Reached skill level 1 in Slings
  1159 | D:2      | Reached skill level 1 in Bows
  1159 | D:2      | Reached skill level 1 in Crossbows
  1159 | D:2      | Reached skill level 1 in Throwing
  1159 | D:2      | Reached skill level 1 in Stealth
  1159 | D:2      | Reached skill level 1 in Shields
  1159 | D:2      | Reached skill level 1 in Unarmed Combat
  1159 | D:2      | Reached skill level 1 in Spellcasting
  1159 | D:2      | Reached skill level 1 in Evocations
  1262 | D:2      | Noticed an ogre
  1278 | D:2      | Killed an ogre
  1278 | D:2      | Reached skill level 1 in Conjurations
  1278 | D:2      | Reached skill level 1 in Hexes
  1278 | D:2      | Reached skill level 1 in Summonings
  1278 | D:2      | Reached skill level 1 in Necromancy
  1278 | D:2      | Reached skill level 1 in Translocations
  1278 | D:2      | Reached skill level 1 in Transmutations
  1278 | D:2      | Reached skill level 1 in Fire Magic
  1278 | D:2      | Reached skill level 1 in Ice Magic
  1278 | D:2      | Reached skill level 1 in Air Magic
  1278 | D:2      | Reached skill level 1 in Earth Magic
  1278 | D:2      | Reached skill level 1 in Poison Magic
  1278 | D:2      | Reached XP level 4. HP: 41/41 MP: 7/7
  1278 | D:2      | Reached XP level 5. HP: 47/47 MP: 8/8
  2136 | D:3      | Reached ** piety under Lugonu
  2141 | D:3      | Reached skill level 5 in Invocations
  2143 | D:3      | Reached XP level 6. HP: 45/53 MP: 9/9
  2985 | D:4      | Noticed Eustachio
  2985 | D:4      | Noticed Pikel
  3008 | D:3      | HP: 3/79 [Pikel/+0 whip of freezing (5)]
  3008 | D:3      | HP: 1/79 [Pikel/+0 whip of freezing (2)]
  3009 | D:3      | Killed Pikel
  3009 | D:3      | Reached skill level 5 in Axes
  3009 | D:3      | Reached skill level 5 in Armour
  3009 | D:3      | Reached XP level 7. HP: 2/60 MP: 9/11
  3317 | D:3      | Killed Eustachio
  3317 | D:3      | Reached XP level 8. HP: 52/67 MP: 12/12
  3416 | D:4      | Got a spiked ring mail
  3489 | D:4      | Identified the +1 ring mail of the Boiling Point {rPois MR+
                  | Dex+4 Stlth+} (You found it on level 4 of the Dungeon)
  4019 | D:4      | Noticed Edmund
  4030 | D:4      | Killed Edmund
  4083 | D:4      | Reached *** piety under Lugonu
  4486 | D:5      | Entered Level 5 of the Dungeon
  4505 | D:5      | Noticed Sigmund
  4519 | D:5      | Killed Sigmund
  4692 | D:5      | Reached XP level 9. HP: 73/73 MP: 14/14
  4714 | D:5      | Noticed Prince Ribbit
  4723 | D:5      | Killed Prince Ribbit
  5053 | D:4      | Upgraded the game from 0.26-a0-667-g92642533e4 to
                  | 0.26-a0-670-g578ab304f5
  5148 | D:5      | Noticed Blork the orc
  5160 | D:5      | Killed Blork the orc
  5311 | D:6      | Reached skill level 5 in Dodging
  6125 | D:6      | Reached **** piety under Lugonu
  6191 | D:6      | Found a staircase to the Ecumenical Temple.
  6237 | D:6      | Found a shimmering altar of Xom.
  6427 | D:6      | Found Wetrunnu's Antique Armour Shoppe.
  6433 | D:6      | Bought a glowing cloak for 225 gold pieces
  6725 | D:7      | Reached XP level 10. HP: 54/80 MP: 17/17
  6979 | D:7      | Reached skill level 5 in Short Blades
  6979 | D:7      | Reached skill level 5 in Long Blades
  6979 | D:7      | Reached skill level 5 in Maces & Flails
  6979 | D:7      | Reached skill level 5 in Polearms
  6979 | D:7      | Reached skill level 5 in Staves
  6979 | D:7      | Reached skill level 5 in Slings
  6979 | D:7      | Reached skill level 5 in Bows
  6979 | D:7      | Reached skill level 5 in Crossbows
  6979 | D:7      | Reached skill level 5 in Throwing
  6979 | D:7      | Reached skill level 5 in Stealth
  6979 | D:7      | Reached skill level 5 in Shields
  6979 | D:7      | Reached skill level 5 in Unarmed Combat
  6979 | D:7      | Reached skill level 5 in Spellcasting
  6979 | D:7      | Reached skill level 5 in Evocations
  7171 | D:7      | Found a white marble altar of Elyvilon.
  8429 | D:8      | Reached ***** piety under Lugonu
  8828 | D:8      | Noticed Maurice
  8848 | D:8      | Killed Maurice
  8917 | D:8      | Found a staircase to the Lair.
  9073 | Lair:1   | Entered Level 1 of the Lair of Beasts
  9078 | Lair:1   | Noticed a black mamba
  9079 | Lair:1   | Identified a scroll of acquirement
  9079 | Lair:1   | Acquired 498 gold pieces
  9097 | D:8      | Banished a black mamba
  9428 | D:9      | Found a broken altar of Ashenzari.
  9470 | D:9      | Reached XP level 11. HP: 79/87 MP: 19/19
  9695 | D:9      | Reached skill level 5 in Conjurations
  9695 | D:9      | Reached skill level 5 in Hexes
  9695 | D:9      | Reached skill level 5 in Summonings
  9695 | D:9      | Reached skill level 5 in Necromancy
  9695 | D:9      | Reached skill level 5 in Translocations
  9695 | D:9      | Reached skill level 5 in Transmutations
  9695 | D:9      | Reached skill level 5 in Fire Magic
  9695 | D:9      | Reached skill level 5 in Ice Magic
  9695 | D:9      | Reached skill level 5 in Air Magic
  9695 | D:9      | Reached skill level 5 in Earth Magic
  9695 | D:9      | Reached skill level 5 in Poison Magic
  9703 | D:9      | Found a glowing golden altar of the Shining One.
 10083 | D:10     | Entered Level 10 of the Dungeon
 10192 | D:10     | Found a stormy altar of Qazlal.
 10229 | D:10     | Noticed a deep elf archer
 10230 | D:10     | Found a transporter.
 10230 | D:10     | Noticed an ogre mage
 10231 | D:10     | Found the brooch of Shielding {Spirit SH+8}
 10231 | D:10     | Noticed a wizard
 10257 | D:10     | Noticed a salamander
 10269 | D:10     | Noticed a swamp dragon
 10269 | D:10     | a salamander changed into a swamp dragon
 10632 | D:10     | Found a transporter.
 10818 | D:10     | Banished a wizard
 10863 | D:10     | Noticed a lindwurm
 10863 | D:10     | a tarantella changed into a lindwurm
 10869 | D:10     | a lindwurm changed into a komodo dragon
 10907 | D:10     | Noticed a moth of wrath
 10907 | D:10     | a komodo dragon changed into a moth of wrath
 10957 | D:10     | a moth of wrath changed into an eye of devastation
 10960 | D:10     | Noticed a manticore
 10960 | D:10     | an eye of devastation changed into a manticore
 10970 | D:10     | Killed a manticore
 11202 | D:10     | Killed an ogre mage
 11217 | D:10     | Killed a deep elf archer
 11229 | D:10     | Got an iridescent mace
 11289 | D:10     | Identified the +3 mace of Uwkicso {vorpal, +Inv SInv} (You
                  | found it on level 10 of the Dungeon)
 11462 | D:11     | Found a frozen archway.
 11498 | D:11     | Reached XP level 12. HP: 58/96 MP: 22/22
 11983 | D:11     | Gained mutation: Your mind is acute. (Int +2) [potion of
                  | mutation]
 11983 | D:11     | Gained mutation: You have a pair of small antennae on your
                  | head. [potion of mutation]
 11983 | D:11     | Gained mutation: Your system is resistant to poisons.
                  | (rPois) [potion of mutation]
 13272 | Lair:2   | Reached skill level 10 in Fighting
 13331 | Lair:2   | Reached ****** piety under Lugonu
 13522 | Lair:2   | Found a staircase to the Snake Pit.
 13903 | Lair:2   | Got a steaming long sword
 13904 | Lair:2   | Identified the +10 long sword of Yfots {freeze, *Slow rPois
                  | Dex+2} (You found it on level 2 of the Lair of Beasts)
 14521 | Lair:3   | Reached XP level 13. HP: 95/103 MP: 24/24
 15314 | Lair:4   | Reached skill level 10 in Invocations
 16500 | Lair:4   | Found a staircase to the Shoals.
 16964 | Lair:5   | HP: 4/104 [11-headed hydra (9)]
 16964 | Lair:5   | HP: 1/104 [11-headed hydra (3)]
 17365 | Lair:5   | Reached XP level 14. HP: 54/111 MP: 26/26
 17370 | Lair:5   | Reached skill level 10 in Axes
 17370 | Lair:5   | Reached skill level 10 in Armour
 17799 | Lair:5   | HP: 1/113 [boulder beetle (8)]
 18024 | Lair:5   | Found a staircase to the Slime Pits.
 18027 | Lair:5   | Found a viscous altar of Jiyva.
 18579 | Lair:6   | Entered Level 6 of the Lair of Beasts
 20089 | Lair:6   | Noticed an entropy weaver
 20101 | Lair:6   | Killed an entropy weaver
 20277 | Lair:6   | Noticed an entropy weaver
 20310 | Abyss:1  | Slain by a tyrant leech

Illustrated notes

Levels and vault maps discovered:
D:1:      minmay_arrival_arboretum_small, layout_rooms, serial_park_tiny_1,
          lemuel_another_geyser
D:2:      layout_loops_ring
D:3:      layout_basic
D:4:      layout_rooms, enter_ossuary_5, supply_closet_lemuel, uniq_edmund,
          uniq_eustachio, uniq_pikel
D:5:      layout_cave_pools, uniq_prince_ribbit1, uniq_blork_the_orc,
          uniq_sigmund
D:6:      layout_basic, minmay_temple_entry_junction, basic_altar, serial_shops,
          shop_fountains, st_stairs_11
D:7:      layout_basic, basic_altar, enter_bailey_7, hangedman_decor_growths
D:8:      layout_loops_ring, erik_lair_dragon, minmay_checkerbox, uniq_maurice
D:9:      layout_loops_cross, kennysheep_mini_moat, basic_altar,
          minmay_microvault
D:10:     gammafunk_sealed_arena, layout_rooms, st_stairs_6,
          nicolae_qazlal_style_of_elements
D:11:     layout_big_octagon, portal_ice_cave_entry_pillars_2
Lair:1:   layout_regular_city, gauntlet_entry_generic,
          infiniplex_staircase_pool_2
Lair:2:   beast_lair_carwin_large_1, layout_loops_ring,
          guppyfry_snake_entry_island, minmay_lair_oklob_items
Lair:3:   layout_gridlike, serial_bayou_shore_a
Lair:4:   layout_hall_layers, elwin_shoals_entry_rooms, serial_forest,
          infiniplex_forest_end_1, infiniplex_forest_straight_3,
          infiniplex_forest_clump_cross, infiniplex_forest_clump_double,
          infiniplex_forest_straight_1, infiniplex_forest_lined_2,
          infiniplex_forest_clump_medium, infiniplex_forest_lined_2
Lair:5:   layout_cave_pods, slime_altar_1, st_stairs_6, eino_house_with_fridge
Lair:6:   minmay_lair_end_frog_pond, layout_misc_corridors, wad_woods_antlair
Abyss:1:  base:
IceCv

Skill      XL: |  1  2  3  4  5  6  7  8  9 10 11 12 13 14 |
---------------+-------------------------------------------+-----
Short Blades   | 1 2 3 4 5 6 7 8 9 |  9.5
Long Blades    | 1 2 3 4 5 6 7 8 9 |  9.5
Maces & Flails | 1 2 3 4 5 6 7 8 9 |  9.5
Polearms       | 1 2 3 4 5 6 7 8 9 |  9.5
Staves         | 1 2 3 4 5 6 7 8 9 |  9.5
Slings         | 1 2 3 4 5 6 7 8 9 |  9.5
Bows           | 1 2 3 4 5 6 7 8 9 |  9.5
Crossbows      | 1 2 3 4 5 6 7 8 9 |  9.5
Throwing       | 1 2 3 4 5 6 7 8 9 |  9.5
Stealth        | 1 2 3 4 5 6 7 8 9 |  9.5
Shields        | 1 2 3 4 5 6 7 8 9 |  9.5
Unarmed Combat | 1 2 3 4 5 6 7 8 9 |  9.5
Spellcasting   | 1 2 3 4 5 6 7 8 9 |  9.5
Evocations     | 1 2 3 4 5 6 7 8 9 |  9.5
Conjurations   | 1 2 3 4 5 6 7 |  7.9
Hexes          | 1 2 3 4 5 6 7 |  7.9
Summonings     | 1 2 3 4 5 6 7 |  7.9
Necromancy     | 1 2 3 4 5 6 7 |  7.9
Translocations | 1 2 3 4 5 6 7 |  7.9
Transmutations | 1 2 3 4 5 6 7 |  7.9
Fire Magic     | 1 2 3 4 5 6 7 |  7.9
Ice Magic      | 1 2 3 4 5 6 7 |  7.9
Air Magic      | 1 2 3 4 5 6 7 |  7.9
Earth Magic    | 1 2 3 4 5 6 7 |  7.9
Poison Magic   | 1 2 3 4 5 6 7 |  7.9
Dodging        | 3 4 5 6 7 8 9 |  9.8
Invocations    | 5 6 7 8 9 10 11 | 11.2
Fighting       | 7 8 9 10 11 | 11.3
Axes           | 5 6 7 8 9 10 | 10.5
Armour         | 5 6 7 8 9 10 | 10.5

Action                   |  1- 3 |  4- 6 |  7- 9 | 10-12 | 13-15 || total
-------------------------+-------+-------+-------+-------+-------++-------
Melee: Glaive            |    72 |   104 |   144 |       |       ||   320
       Bite              |     3 |    10 |    31 |   131 |   165 ||   340
       Flail             |       |       |     1 |       |       ||     1
       Hand axe          |       |       |   143 |   781 |       ||   924
       Punch             |       |       |     3 |    16 |       ||    19
       Long sword        |       |       |       |    48 |   708 ||   756
Throw: Boomerang         |       |       |     6 |       |       ||     6
       Dart              |       |       |       |     6 |    16 ||    22
Invok: Depart the Abyss  |     1 |       |       |       |       ||     1
       Banish            |       |       |       |     6 |    10 ||    16
       Bend Space        |       |       |       |       |     2 ||     2
       Enter the Abyss   |       |       |       |       |     1 ||     1
  Use: Scroll            |     4 |     3 |     7 |    23 |     5 ||    42
       Potion            |       |     2 |       |     2 |     2 ||     6
 Stab: Sleeping          |     3 |     2 |     8 |     5 |       ||    18
Armor: Leather armour    |    43 |    37 |    10 |       |       ||    90
       Ring mail         |       |       |   106 |    38 |       ||   144
       Plate armour      |       |       |       |   437 |   403 ||   840
Dodge: Dodged            |    76 |    91 |   284 |   436 |   440 ||  1327
Block: Buckler           |       |       |       |   250 |   409 ||   659
       Rpst.: Long sword |       |       |       |    17 |   118 ||   135

Table legend: (Time is in decaauts)
 A = Elapsed time spent in this place.
 B = Non-inter-level travel time spent in this place.
 C = Inter-level travel time spent in this place.
 D = Time resting spent in this place.
 E = Time spent auto-exploring this place.
 F = Levels seen in this place.
 G = Mean time per level.
                   A        B        C        D        E       F      G
               +--------+--------+--------+--------+--------+-----+--------+
         Total |  20532 |  19985 |    547 |   4534 |  10487 |  20 | 1026.6 |
       Dungeon |  12204 |  11755 |    449 |   2365 |   6519 |  11 | 1109.5 |
          Lair |   8281 |   8183 |     98 |   2164 |   3943 |   6 | 1380.2 |
         Abyss |     45 |     45 |      0 |      5 |     25 |   3 |   15.0 |
               +--------+--------+--------+--------+--------+-----+--------+

Top non-repeatable levels by time:
  Lair:5: 2246 daAuts
     D:3: 2001 daAuts
  Lair:4: 1818 daAuts
     D:7: 1464 daAuts
  Lair:2: 1351 daAuts
    D:10: 1342 daAuts
     D:8: 1267 daAuts
  Lair:6: 1181 daAuts
     D:2: 1105 daAuts
     D:4: 1008 daAuts
     D:5: 984 daAuts
     D:6: 958 daAuts
  Lair:1: 867 daAuts
     D:9: 817 daAuts
  Lair:3: 815 daAuts
